| TOP OF THE 1ST |
|
Mississippi Braves batting - Pitching for Jacksonville Suns : LHP Nick Gore
|
|
Pitching: LHP Nick Gore
|
|
|
Batting: RHB Luis Restrepo
|
0-0: Ball 1-0: Foul Ball, location: 2F 1-1: Ground out 5-3 (Groundball, 15, EV 78.8 MPH)
|
|
Batting: RHB Zheng-ze King
|
0-0: Called Strike 0-1: Called Strike 0-2: SINGLE (Groundball, 56, EV 103.1 MPH)
|
|
Batting: LHB Art D'Ascenzo
|
0-0: Called Strike 0-1: Foul Ball, location: 2F 0-2: Ball 1-2: 2-RUN HOME RUN (Flyball, 89XD, EV 106.2 MPH), Distance : 409 ft
|
|
Batting: RHB Hieronim Rutkowski
|
0-0: Ball 1-0: Ball 2-0: Foul Ball, location: 2F 2-1: Ball 3-1: Base on Balls
|
|
Batting: RHB Justin Reich
|
0-0: Ball 1-0: Ball 2-0: Called Strike 2-1: Fly out, F6 (Line Drive, 56D, EV 70.0 MPH)
|
|
Batting: SHB Jose Melendez
|
0-0: Ball Hieronim Rutkowski steals 2nd base 1-0: Fly out, F9 (Flyball, 9, EV 93.8 MPH)
|
| Top of the 1st over - 2 runs, 2 hits, 0 errors, 1 left on base; Mississippi 2 - Jacksonville 0 |
| BOTTOM OF THE 1ST |
|
Jacksonville Suns batting - Pitching for Mississippi Braves : RHP Thomas Crowner
|
|
Pitching: RHP Thomas Crowner
|
|
|
Batting: RHB Akira Suzuki
|
0-0: Called Strike 0-1: Ball 1-1: Foul Ball, location: 2F 1-2: SINGLE (Groundball, 6MD, EV 109.4 MPH)
|
|
Batting: RHB Reomel Somera
|
0-0: Fly out, F9 (Flyball, 89M, EV 73.8 MPH)
|
|
Batting: RHB Jack Power
|
0-0: Foul Ball, location: 2F 0-1: Ball Akira Suzuki steals 2nd base 1-1: Foul Ball, location: 2F 1-2: Ball 2-2: Ball 3-2: Base on Balls
|
|
Batting: LHB Dong-u Chang
|
0-0: Called Strike 0-1: Swinging Strike 0-2: Ball 1-2: Strikes out swinging
|
|
Batting: RHB Torquato Obawole
|
0-0: Fly out, F8 (Flyball, 8RM, EV 98.8 MPH)
|
| Bottom of the 1st over - 0 runs, 1 hit, 0 errors, 2 left on base; Mississippi 2 - Jacksonville 0 |
| TOP OF THE 2ND |
|
Mississippi Braves batting - Pitching for Jacksonville Suns : LHP Nick Gore
|
|
Batting: LHB Sal Fernandez
|
0-0: Foul Ball, location: 2F 0-1: Foul Ball, location: 2F 0-2: Foul Ball, location: 2F 0-2: Foul Ball, location: 2F 0-2: Ball 1-2: Ball 2-2: Ball 3-2: Ground out 4-3 (Groundball, 4, EV 96.9 MPH)
|
|
Batting: RHB Elias Vences
|
0-0: Ball 1-0: Foul Ball, location: 2F 1-1: Ball 2-1: Called Strike 2-2: Strikes out swinging
|
|
Batting: RHB Gerard Michel
|
0-0: Ball 1-0: Swinging Strike 1-1: Ball 2-1: SINGLE (Line Drive, 78S, EV 95.0 MPH)
|
|
Batting: RHB Luis Restrepo
|
0-0: Ball 1-0: Foul Ball, location: 2F 1-1: Foul Ball, location: 2F 1-2: Ground out 4-3 (Groundball, 4, EV 93.1 MPH)
|
| Top of the 2nd over - 0 runs, 1 hit, 0 errors, 1 left on base; Mississippi 2 - Jacksonville 0 |
| BOTTOM OF THE 2ND |
|
Jacksonville Suns batting - Pitching for Mississippi Braves : RHP Thomas Crowner
|
|
Batting: LHB Orlando Rivera
|
0-0: Ball 1-0: Ball 2-0: SINGLE (Flyball, 9S, EV 90.6 MPH)
|
|
Batting: RHB Len Graham
|
0-0: Ball Orlando Rivera steals 2nd base 1-0: Ball 2-0: Swinging Strike 2-1: Ball 3-1: Swinging Strike 3-2: Strikes out looking
|
|
Batting: RHB Larry LeFever
|
0-0: Called Strike 0-1: Called Strike 0-2: Ball 1-2: Ball Wild Pitch! Orlando Rivera to third 2-2: Ball 3-2: Strikes out swinging
|
|
Batting: LHB Emilio Cordero
|
0-0: Ball 1-0: Ball 2-0: Swinging Strike 2-1: Foul Ball, location: 2F 2-2: Ball 3-2: Strikes out swinging
|
| Bottom of the 2nd over - 0 runs, 1 hit, 0 errors, 1 left on base; Mississippi 2 - Jacksonville 0 |
| TOP OF THE 3RD |
|
Mississippi Braves batting - Pitching for Jacksonville Suns : LHP Nick Gore
|
|
Batting: RHB Zheng-ze King
|
0-0: Foul Ball, location: 2F 0-1: Swinging Strike 0-2: Strikes out swinging
|
|
Batting: LHB Art D'Ascenzo
|
0-0: Ball 1-0: Ball 2-0: Ground out 5-3 (Groundball, 56S, EV 65.6 MPH)
|
|
Batting: RHB Hieronim Rutkowski
|
0-0: Swinging Strike 0-1: Ball 1-1: Ball 2-1: Ball 3-1: Swinging Strike 3-2: Ground out 5-3 (Groundball, 25, EV 86.9 MPH)
|
| Top of the 3rd over - 0 runs, 0 hits, 0 errors, 0 left on base; Mississippi 2 - Jacksonville 0 |
| BOTTOM OF THE 3RD |
|
Jacksonville Suns batting - Pitching for Mississippi Braves : RHP Thomas Crowner
|
|
Batting: RHB Akira Suzuki
|
0-0: Ball 1-0: Called Strike 1-1: Swinging Strike 1-2: Foul Ball, location: 2F 1-2: Ball 2-2: Strikes out swinging
|
|
Batting: RHB Reomel Somera
|
0-0: Called Strike 0-1: Ball 1-1: Foul Ball, location: 2F 1-2: Ball 2-2: Foul Ball, location: 2F 2-2: Ground out U3 (Groundball, 34, EV 100.6 MPH)
|
|
Batting: RHB Jack Power
|
0-0: Ball 1-0: Foul Ball, location: 2F 1-1: Foul Ball, location: 2F 1-2: Strikes out swinging
|
| Bottom of the 3rd over - 0 runs, 0 hits, 0 errors, 0 left on base; Mississippi 2 - Jacksonville 0 |
| TOP OF THE 4TH |
|
Mississippi Braves batting - Pitching for Jacksonville Suns : LHP Nick Gore
|
|
Batting: RHB Justin Reich
|
0-0: Ball 1-0: Ball 2-0: Called Strike 2-1: Foul Ball, location: 2F 2-2: Ball 3-2: Fly out, F4 (Popup, 4, EV 66.9 MPH)
|
|
Batting: SHB Jose Melendez
|
0-0: Called Strike 0-1: Ball 1-1: Ball 2-1: Ball 3-1: Foul Ball, location: 2F 3-2: Foul Ball, location: 2F 3-2: Strikes out swinging
|
|
Batting: LHB Sal Fernandez
|
0-0: Ground out U3 (Groundball, 3, EV 82.5 MPH)
|
| Top of the 4th over - 0 runs, 0 hits, 0 errors, 0 left on base; Mississippi 2 - Jacksonville 0 |
| BOTTOM OF THE 4TH |
|
Jacksonville Suns batting - Pitching for Mississippi Braves : RHP Thomas Crowner
|
|
Batting: LHB Dong-u Chang
|
0-0: Ball 1-0: Ball 2-0: Ground out 6-3 (Groundball, 6, EV 104.4 MPH)
|
|
Batting: RHB Torquato Obawole
|
0-0: Ball 1-0: Called Strike 1-1: Foul Ball, location: 2F 1-2: Strikes out looking
|
|
Batting: LHB Orlando Rivera
|
0-0: Ball 1-0: Ball 2-0: Ball 3-0: Base on Balls
|
|
Batting: RHB Len Graham
|
0-0: Ball Orlando Rivera steals 2nd base 1-0: Ball 2-0: Ball 3-0: Called Strike 3-1: Base on Balls
|
|
Batting: RHB Larry LeFever
|
0-0: Ball 1-0: Called Strike 1-1: Ball 2-1: Ball 3-1: Base on Balls Orlando Rivera to third Len Graham to second
|
|
Batting: LHB Emilio Cordero
|
0-0: Ball 1-0: Fly out, F9 (Line Drive, 89M, EV 90.6 MPH)
|
| Bottom of the 4th over - 0 runs, 0 hits, 0 errors, 3 left on base; Mississippi 2 - Jacksonville 0 |
| TOP OF THE 5TH |
|
Mississippi Braves batting - Pitching for Jacksonville Suns : LHP Nick Gore
|
|
Batting: RHB Elias Vences
|
0-0: Ball 1-0: Ball 2-0: Called Strike 2-1: Foul Ball, location: 2F 2-2: Fly out, F8 (Flyball, 8RXD, EV 89.4 MPH)
|
|
Batting: RHB Gerard Michel
|
0-0: Called Strike 0-1: Ball 1-1: Foul Ball, location: 2F 1-2: Strikes out swinging
|
|
Batting: RHB Luis Restrepo
|
0-0: Called Strike 0-1: Ball 1-1: Ball 2-1: Ball 3-1: Ground out 4-3 (Groundball, 4, EV 79.4 MPH)
|
| Top of the 5th over - 0 runs, 0 hits, 0 errors, 0 left on base; Mississippi 2 - Jacksonville 0 |
| BOTTOM OF THE 5TH |
|
Jacksonville Suns batting - Pitching for Mississippi Braves : RHP Thomas Crowner
|
|
Batting: RHB Akira Suzuki
|
0-0: Ground out 5-3 (Groundball, 25, EV 91.2 MPH)
|
|
Batting: RHB Reomel Somera
|
0-0: Ground out 6-3 (Groundball, 56, EV 92.5 MPH)
|
|
Batting: RHB Jack Power
|
0-0: Ball 1-0: SINGLE (Flyball, 6D, EV 90.0 MPH)
|
|
Batting: LHB Dong-u Chang
|
0-0: Swinging Strike 0-1: Called Strike 0-2: Ball 1-2: DOUBLE (Flyball, 78XD, EV 99.4 MPH) Jack Power to third
|
|
Batting: RHB Torquato Obawole
|
0-0: Ball 1-0: Foul Ball, location: 2F 1-1: Ground out 6-3 (Groundball, 6, EV 103.1 MPH)
|
| Bottom of the 5th over - 0 runs, 2 hits, 0 errors, 2 left on base; Mississippi 2 - Jacksonville 0 |
| TOP OF THE 6TH |
|
Mississippi Braves batting - Pitching for Jacksonville Suns : LHP Nick Gore
|
|
Pitching: LHP Will Sledge
|
|
|
Batting: RHB Zheng-ze King
|
0-0: Swinging Strike 0-1: Ball 1-1: DOUBLE (Line Drive, 78D, EV 100.0 MPH)
|
|
Batting: LHB Art D'Ascenzo
|
0-0: Called Strike 0-1: Ball 1-1: Foul Ball, location: 2F 1-2: Strikes out swinging
|
|
Batting: RHB Hieronim Rutkowski
|
0-0: Ball Zheng-ze King is caught stealing 3rd base 2-5 1-0: Called Strike 1-1: Ball 2-1: Foul Ball, location: 2F 2-2: Foul Ball, location: 2F 2-2: Strikes out swinging
|
| Top of the 6th over - 0 runs, 1 hit, 0 errors, 0 left on base; Mississippi 2 - Jacksonville 0 |
| BOTTOM OF THE 6TH |
|
Jacksonville Suns batting - Pitching for Mississippi Braves : RHP Thomas Crowner
|
|
Batting: LHB Orlando Rivera
|
0-0: Foul Ball, location: 2F 0-1: Foul Ball, location: 2F 0-2: Ball 1-2: Ball 2-2: Foul Ball, location: 2F 2-2: Ball 3-2: Fly out, F5 (Line Drive, 5, EV 69.4 MPH)
|
|
Batting: RHB Len Graham
|
0-0: Called Strike 0-1: Foul Ball, location: 2F 0-2: Ball 1-2: Ball 2-2: Foul Ball, location: 2F 2-2: Foul Ball, location: 2F 2-2: Fly out, F9 (Line Drive, 89S, EV 95.0 MPH)
|
|
Batting: RHB Larry LeFever
|
0-0: Ball 1-0: Ground out 5-3 (Groundball, 5L, EV 104.4 MPH)
|
| Bottom of the 6th over - 0 runs, 0 hits, 0 errors, 0 left on base; Mississippi 2 - Jacksonville 0 |
| TOP OF THE 7TH |
|
Mississippi Braves batting - Pitching for Jacksonville Suns : LHP Will Sledge
|
|
Batting: RHB Justin Reich
|
0-0: Ball 1-0: Swinging Strike 1-1: Ball 2-1: Ground out 6-3 (Groundball, 6, EV 108.8 MPH)
|
|
Batting: SHB Jose Melendez
|
0-0: Reached on error, E6 (Groundball, 6, EV 91.2 MPH)
|
|
Batting: LHB Sal Fernandez
|
0-0: Swinging Strike 0-1: Ball 1-1: Ball Wild Pitch! Jose Melendez to second 2-1: Swinging Strike 2-2: Strikes out looking
|
|
Batting: RHB Elias Vences
|
0-0: Called Strike 0-1: Ball 1-1: Called Strike 1-2: Strikes out swinging
|
| Top of the 7th over - 0 runs, 0 hits, 1 error, 1 left on base; Mississippi 2 - Jacksonville 0 |
| BOTTOM OF THE 7TH |
|
Jacksonville Suns batting - Pitching for Mississippi Braves : RHP Thomas Crowner
|
|
Pitching: RHP Gordon Cushing
|
|
|
Now in LF: Elias Vences
|
|
|
Now in RF: Luis Cruz
|
|
|
Batting: LHB Emilio Cordero
|
0-0: Ball 1-0: Foul Ball, location: 2F 1-1: Ball 2-1: SINGLE (Groundball, 34D, EV 103.8 MPH)
|
|
Batting: RHB Akira Suzuki
|
0-0: Called Strike 0-1: Fly out, F8 (Flyball, 78M, EV 91.2 MPH)
|
|
Batting: RHB Reomel Somera
|
0-0: Called Strike 0-1: Foul Ball, location: 2F 0-2: Reached on error, E6 (Groundball, 6D, EV 86.9 MPH) Emilio Cordero to second
|
|
Batting: RHB Jack Power
|
0-0: Swinging Strike 0-1: Ball 1-1: Called Strike 1-2: Strikes out swinging
|
|
Batting: LHB Dong-u Chang
|
0-0: Called Strike 0-1: Ball 1-1: Fly out, F2 (Popup, 25F, EV 88.1 MPH)
|
| Bottom of the 7th over - 0 runs, 1 hit, 1 error, 2 left on base; Mississippi 2 - Jacksonville 0 |
| TOP OF THE 8TH |
|
Mississippi Braves batting - Pitching for Jacksonville Suns : LHP Will Sledge
|
|
Pitching: RHP Mike Yorke
|
|
|
Batting: RHB Gerard Michel
|
0-0: Foul Ball, location: 2F 0-1: Fly out, F5 (Popup, 25F, EV 91.2 MPH)
|
|
Batting: RHB Luis Restrepo
|
0-0: Ball 1-0: Foul Ball, location: 2F 1-1: Foul Ball, location: 2F 1-2: Strikes out swinging
|
|
Batting: RHB Zheng-ze King
|
0-0: Ball 1-0: Ground out U3 (Groundball, 3S, EV 87.5 MPH)
|
| Top of the 8th over - 0 runs, 0 hits, 0 errors, 0 left on base; Mississippi 2 - Jacksonville 0 |
| BOTTOM OF THE 8TH |
|
Jacksonville Suns batting - Pitching for Mississippi Braves : RHP Gordon Cushing
|
|
Pitching: LHP Justin Hawk
|
|
|
Batting: RHB Torquato Obawole
|
0-0: Ball 1-0: Ground out 6-3 (Groundball, P, EV 86.9 MPH)
|
|
Batting: LHB Orlando Rivera
|
0-0: Ball 1-0: Ball 2-0: Foul Ball, location: 2F 2-1: Ball 3-1: Called Strike 3-2: Strikes out swinging, 2-3 out at first.
|
|
Batting: RHB Len Graham
|
0-0: Ball 1-0: Called Strike 1-1: Ball 2-1: Fly out, F8 (Flyball, 8RD, EV 88.1 MPH)
|
| Bottom of the 8th over - 0 runs, 0 hits, 0 errors, 0 left on base; Mississippi 2 - Jacksonville 0 |
| TOP OF THE 9TH |
|
Mississippi Braves batting - Pitching for Jacksonville Suns : RHP Mike Yorke
|
|
Batting: LHB Art D'Ascenzo
|
0-0: Called Strike 0-1: Ball 1-1: Ball 2-1: Ball 3-1: Base on Balls
|
|
Batting: RHB Hieronim Rutkowski
|
0-0: Called Strike 0-1: Called Strike Art D'Ascenzo is caught stealing 2nd base 2-4 0-2: Ball 1-2: Ball 2-2: Foul Ball, location: 2F 2-2: Strikes out looking
|
|
Batting: RHB Justin Reich
|
0-0: Ground out 5-3 (Groundball, 56, EV 95.0 MPH)
|
| Top of the 9th over - 0 runs, 0 hits, 0 errors, 0 left on base; Mississippi 2 - Jacksonville 0 |
| BOTTOM OF THE 9TH |
|
Jacksonville Suns batting - Pitching for Mississippi Braves : LHP Justin Hawk
|
|
Pitching: RHP Greg Hart
|
|
|
Batting: RHB Larry LeFever
|
0-0: SINGLE (Groundball, 4S, EV 71.2 MPH) (infield hit)
|
|
Batting: LHB Emilio Cordero
|
0-0: Foul Ball, location: 2F 0-1: Called Strike 0-2: Fielders Choice at 2nd, 3-6 (Groundball, 3, EV 93.8 MPH)
|
|
Batting: RHB Akira Suzuki
|
0-0: Swinging Strike 0-1: Ball 1-1: Ball 2-1: Called Strike 2-2: Ball 3-2: Foul Ball, location: 2F 3-2: Foul Ball, location: 2F 3-2: Foul Ball, location: 2F 3-2: Strikes out looking Emilio Cordero steals 2nd base Batter strikes out.
|
|
Batting: RHB Reomel Somera
|
0-0: Called Strike 0-1: Called Strike 0-2: Strikes out swinging
|
| Bottom of the 9th over - 0 runs, 1 hit, 0 errors, 1 left on base; Mississippi 2 - Jacksonville 0 |
|